 Dungeon Crawl Stone Soup version 0.26-a0-667-g92642533e4 (webtiles) character file.

Game seed: 17912558045404878642

39652 robertstho the Brawler (level 13, -6/190 HPs)
             Began as a Troll Berserker on Oct 16, 2020.
             Was a High Priest of Trog.
             Mangled by a five-headed hydra (9 damage)
             ... on level 6 of the Lair of Beasts.
             The game lasted 00:25:28 (14587 turns).

robertstho the Brawler (Troll Berserker)           Turns: 14587, Time: 00:25:28

Health: -6/190     AC:  9    Str: 30    XL:     13   Next: 70%
Magic:  0/12       EV: 11    Int:  5    God:    Trog [*****.]
Gold:   1208       SH: 10    Dex:  9    Spells: 12/12 levels left

rFire    + . .     SeeInvis +   T - +2 scimitar (flame)
rCold    + . .     Faith    .   C - +0 kite shield
rNeg     . . .     Spirit   +   n - +0 troll leather armour {Purgy}
rPois    +         Reflect  .   (helmet restricted)
rElec    .         Harm     .   Q - scarf {rC+ rF+}
rCorr    .         Rampage  .   (gloves unavailable)
MR       .....                  (boots unavailable)
Stlth    ..........             f - amulet of guardian spirit
HPRegen  1.21/turn              S - ring of poison resistance
MPRegen  0.13/turn              O - ring of see invisible

@: berserking, very quick
A: large, unfitting armour, claws 3, regeneration 1, shaggy fur 1, tough skin 3
a: Berserk, Trog's Hand, Brothers in Arms, Renounce Religion


You were on level 6 of the Lair of Beasts.
You worshipped Trog.
Trog was extremely pleased with you.
You visited 3 branches of the dungeon, and saw 18 of its levels.
You also visited: Sewer and Bailey.

You collected 1208 gold pieces.

Inventory:

Hand Weapons
 o - a +3 great sword of flaming
 T - a +2 scimitar of flaming (weapon)
Missiles
 B - 10 large rocks (quivered)
Armour
 n - a +0 troll leather armour (worn) {Purgy}
 C - a +0 kite shield (worn)
 D - a +1 cloak
 Q - a scarf of resistance (worn)
 U - a +2 robe of positive energy
Jewellery
 f - an amulet of guardian spirit (around neck)
 y - a +6 ring of dexterity
 A - an uncursed ring of protection from fire
 G - an uncursed amulet of the acrobat
 O - a ring of see invisible (right claw)
 P - an uncursed ring of positive energy
 S - a ring of poison resistance (left claw)
 Y - an uncursed amulet of magic regeneration
Wands
 t - a wand of iceblast (14)
 F - a wand of acid (9)
 J - a wand of paralysis (13)
 V - a wand of random effects (21)
 X - a wand of flame (13)
Scrolls
 a - a scroll of random uselessness {unknown}
 b - 6 scrolls of remove curse
 g - 2 scrolls of amnesia {unknown}
 h - 6 scrolls of immolation {unknown}
 k - 5 scrolls of enchant weapon {unknown}
 m - 7 scrolls of teleportation
 p - 3 scrolls of blinking {unknown}
 q - 4 scrolls of magic mapping
 r - a scroll of silence {unknown}
 s - 4 scrolls of fear {unknown}
 x - 2 scrolls of fog {unknown}
 z - 3 scrolls of enchant armour {unknown}
 H - a scroll of noise {unknown}
 L - a scroll of acquirement {unknown}
 N - a scroll of summoning {unknown}
Potions
 c - 2 potions of lignification {unknown}
 d - 8 potions of mutation
 e - 5 potions of flight
 i - 12 potions of curing
 j - 4 potions of haste
 l - 4 potions of degeneration {unknown}
 u - 3 potions of might {unknown}
 v - 3 potions of stabbing
 w - 2 potions of heal wounds
 E - 2 potions of cancellation
 I - a potion of resistance
 K - a potion of magic
 M - 4 potions of berserk rage
 R - a potion of ambrosia


   Skills:
 * Level 8.0 Fighting
 + Level 1.4 Long Blades
 * Level 7.2 Armour
 * Level 8.1 Dodging
 + Level 2.1 Stealth
 + Level 4.9 Shields
 * Level 16.3 Unarmed Combat


You had 12 spell levels left.
You didn't know any spells.
Your spell library was empty.

Dungeon Overview and Level Annotations

Branches:
Dungeon (11/15)            Temple (1/1) D:7            Lair (6/6) D:10
  Swamp (0/4) Lair:4       Spider (0/4) Lair:3        Slime (0/5) Lair:5
    Orc (0/2) D:11          Sewer (visited)          Bailey (visited)

Altars:
Fedhas
Hepliaklqana
Kikubaaqudgha
Nemelex Xobeh
Trog
Uskayaw
Vehumet
Wu Jian
Xom
Yredelemnul
Zin
Jiyva

Shops:
D:8 *}


Innate Abilities, Weirdness & Mutations

You are too large for most types of armour.
You have claws for hands.
Your natural rate of healing is unusually fast.
You are covered in fur. (AC +1)
You have extremely tough skin. (AC +3)


Message History

You burn the six-headed hydra.
The six-headed hydra is heavily wounded.
The six-headed hydra bites you!
* * * LOW HITPOINT WARNING * * *
You block the six-headed hydra's attack.
The six-headed hydra bites you!
* * * LOW HITPOINT WARNING * * *
The six-headed hydra bites you!
* * * LOW HITPOINT WARNING * * *
The six-headed hydra barely misses you. The six-headed hydra bites you!
* * * LOW HITPOINT WARNING * * *
You hack one of the six-headed hydra's heads off!
The flame cauterises the wound!
You slice the five-headed hydra!! You burn the five-headed hydra.
The five-headed hydra is almost dead.
The five-headed hydra bites you but does no damage.
The five-headed hydra closely misses you.
You block the five-headed hydra's attack.
The five-headed hydra bites you!
You die...

######## ### ### #.#.##.##
#####@######.#########
###.##...###.P.D##..#P.#.#...##.#
...............l.FS..Y...........
P..P....P....P...#.P.............
......................m..........
...P##.........P.P...#...#.......
....P............................
......P...P...P..P.#......#.##...
...............................m.


You could see a five-headed hydra and a komodo dragon.

Vanquished Creatures
  A deep elf annihilator (D:11)
  2 boulder beetles
  A rakshasa (D:11)
  A hydra (Lair:3)
  Harold (D:7)
  Erica (D:11)
  A merfolk avatar (Lair:6)
  3 death yaks (Lair:6)
  A two-headed ogre (D:10)
  A tengu warrior (D:11)
  A deep troll earth mage (D:11)
  Nergalle (D:11)
  A sea snake (Lair:6)
  Pikel (D:9)
  A cyclops (D:11)
  A manticore (D:11)
  13 elephants
  Maurice (D:11)
  6 black mambas
  Maggie (D:7)
  8 komodo dragons
  12 cane toads
  3 rime drakes
  2 trolls (D:10)
  A polar bear (Lair:5)
  7 blink frogs
  9 yaks
  Sigmund (D:6)
  5 wyverns
  5 basilisks
  A steam dragon (D:10)
  Grum (D:11)
  3 wargs (D:10)
  4 swamp worms (Lair:4)
  12 water moccasins
  2 orc warriors
  3 sky beasts
  Purgy (Sewer)
  2 ice beasts
  A black bear (D:6)
  2 phantoms
  8 ogres
  11 wolves
  2 centaurs
  3 lemures (D:9)
  A big kobold (D:7)
  A gnoll sergeant (D:8)
  11 bullfrogs
  4 scorpions
  A killer bee (D:8)
  5 howler monkeys
  9 wights
  5 electric eels
  A bullfrog zombie (D:7)
  6 orc priests
  2 bullfrog skeletons
  2 jellies
  3 gnoll shamans (D:4)
  8 hounds
  9 orc wizards
  Jessica (D:3)
  9 worker ants
  A hound zombie (D:10)
  2 hound skeletons
  2 worker ant zombies (D:7)
  Robin (D:3)
  38 gnolls
  16 adders
  2 shadow imps
  A white imp (D:5)
  2 ufetubi
  2 oozes
  An adder skeleton (D:9)
  2 adder zombies
  3 worms
  2 dart slugs (D:1)
  11 leopard geckos
  28 orcs
  2 giant cockroaches
  15 goblins
  16 hobgoblins
  23 jackals
  6 quokkas
  5 ball pythons
  4 bats
  5 frilled lizards
  21 kobolds
  10 rats
448 creatures vanquished.

Vanquished Creatures (collateral kills)
  A hydra (Lair:1)
  A two-headed ogre (D:10)
  An orc knight (Bailey)
  A harpy (Lair:6)
  An elephant (Lair:6)
  A rime drake (Lair:6)
  A yak (Lair:6)
  A gnoll shaman (D:4)
  11 gnolls
  2 hobgoblins (Bailey)
  A kobold (Bailey)
22 creatures vanquished.

Vanquished Creatures (others)
  5 dream sheep (Lair:4)
  18 fungi
  43 plants
66 creatures vanquished.

Grand Total: 536 creatures vanquished

Notes
Turn   | Place    | Note
-------+----------+-------------------------------------------
     0 | D:1      | robertstho the Troll Berserker began the quest for the Orb.
     0 | D:1      | Reached XP level 1. HP: 22/22 MP: 0/0
    93 | D:1      | Reached XP level 2. HP: 29/29 MP: 1/1
   472 | D:1      | Reached XP level 3. HP: 36/36 MP: 2/2
   670 | D:2      | Reached ** piety under Trog
   859 | D:2      | Reached skill level 1 in Armour
   944 | D:2      | Reached skill level 4 in Unarmed Combat
   960 | D:2      | Reached XP level 4. HP: 44/44 MP: 3/3
  1117 | D:3      | Noticed Jessica
  1118 | D:3      | Killed Jessica
  1194 | D:3      | Reached XP level 5. HP: 53/53 MP: 4/4
  1230 | D:3      | Noticed Robin
  1258 | D:3      | Killed Robin
  1366 | D:3      | Reached skill level 5 in Unarmed Combat
  1477 | D:3      | Found a glowing drain.
  1486 | D:3      | Reached XP level 6. HP: 61/61 MP: 5/5
  1494 | Sewer    | Entered a sewer
  1505 | Sewer    | Reached *** piety under Trog
  1540 | Sewer    | Noticed Purgy
  1548 | Sewer    | Killed Purgy
  2108 | D:3      | Found a faded altar of an unknown god.
  2635 | D:4      | Reached skill level 6 in Unarmed Combat
  2778 | D:4      | Reached XP level 7. HP: 58/67 MP: 6/6
  3177 | D:4      | Reached **** piety under Trog
  3191 | D:4      | Reached skill level 7 in Unarmed Combat
  3292 | D:4      | Reached XP level 8. HP: 33/76 MP: 2/7
  3296 | D:4      | Reached skill level 8 in Unarmed Combat
  3574 | D:5      | Entered Level 5 of the Dungeon
  3591 | D:5      | Found a sparkling altar of Nemelex Xobeh.
  3826 | D:5      | Found a sparkling altar of Nemelex Xobeh.
  3831 | D:5      | Found a bloodstained altar of Trog.
  3831 | D:5      | Found a hide-covered altar of Uskayaw.
  3902 | D:5      | Found a blossoming altar of Fedhas.
  3906 | D:5      | Found a hazy altar of Hepliaklqana.
  4306 | D:6      | Reached skill level 9 in Unarmed Combat
  4332 | D:6      | Reached ***** piety under Trog
  4375 | D:6      | Reached skill level 1 in Stealth
  4400 | D:6      | Reached XP level 9. HP: 84/84 MP: 8/8
  4451 | D:6      | Noticed Sigmund
  4460 | D:6      | Killed Sigmund
  4556 | D:6      | Reached skill level 10 in Unarmed Combat
  5118 | D:7      | Found a staircase to the Ecumenical Temple.
  5121 | D:7      | Reached skill level 5 in Dodging
  5129 | D:7      | Noticed Maggie
  5142 | D:7      | Killed Maggie
  5143 | D:7      | Noticed Harold
  5158 | D:7      | Killed Harold
  5158 | D:7      | Reached skill level 11 in Unarmed Combat
  5166 | D:7      | Reached XP level 10. HP: 71/94 MP: 6/9
  5729 | D:8      | Found Ankoj's Gadget Boutique.
  5741 | D:8      | Found Zin's Purification Station.
  5745 | D:8      | Found a glowing silver altar of Zin.
  5883 | D:8      | Received a gift from Trog
  5937 | D:8      | Found an ornate altar of the Wu Jian Council.
  5960 | D:8      | Found a shimmering altar of Xom.
  6101 | D:8      | Found a basalt altar of Yredelemnul.
  6238 | D:8      | Reached skill level 5 in Fighting
  6518 | D:9      | Found a basalt altar of Yredelemnul.
  6700 | D:9      | Noticed Pikel
  6705 | D:9      | Killed Pikel
  6705 | D:9      | Reached skill level 1 in Shields
  6757 | D:9      | Reached skill level 12 in Unarmed Combat
  6844 | D:10     | Entered Level 10 of the Dungeon
  6844 | D:10     | Found a flagged portal.
  6852 | Bailey   | Entered a bailey
  6935 | Bailey   | Noticed an orc knight
  7027 | Bailey   | Killed an orc knight
  7147 | D:10     | Found a staircase to the Lair.
  7411 | D:10     | Noticed a two-headed ogre
  7413 | D:10     | Noticed a two-headed ogre
  7426 | D:10     | Killed a two-headed ogre
  7437 | D:10     | Killed a two-headed ogre
  7437 | D:10     | Reached XP level 11. HP: 104/104 MP: 7/10
  7718 | D:11     | Noticed Nergalle
  7728 | D:11     | Killed Nergalle
  7796 | D:11     | Found a staircase to the Orcish Mines.
  7797 | D:11     | Noticed Grum
  7815 | D:11     | Killed Grum
  7815 | D:11     | Reached skill level 13 in Unarmed Combat
  7935 | D:11     | Noticed Maurice
  7946 | D:11     | Killed Maurice
  7993 | D:11     | Reached skill level 5 in Armour
  8018 | D:11     | Found a blossoming altar of Fedhas.
  8084 | D:11     | Noticed Erica
  8098 | D:11     | Killed Erica
  8276 | D:11     | Noticed a rakshasa
  8280 | D:11     | Found a large runed translucent door.
  8280 | D:11     | Noticed a tengu warrior
  8287 | D:11     | Found a large runed translucent door.
  8295 | D:11     | Killed a tengu warrior
  8307 | D:11     | HP: 3/105 [rock wall collision (11)]
  8337 | D:11     | Killed a rakshasa
  8432 | D:11     | Found a radiant altar of Vehumet.
  8432 | D:11     | Noticed a deep elf annihilator
  8445 | D:11     | Killed a deep elf annihilator
  8452 | D:11     | Found an ancient bone altar of Kikubaaqudgha.
  8452 | D:11     | Noticed a deep troll earth mage
  8461 | D:11     | Killed a deep troll earth mage
  8461 | D:11     | Reached skill level 14 in Unarmed Combat
  8674 | Temple   | Entered the Ecumenical Temple
  8773 | Lair:1   | Entered Level 1 of the Lair of Beasts
  9261 | Lair:1   | Noticed a boulder beetle
  9278 | Lair:1   | Killed a boulder beetle
  9278 | Lair:1   | Reached XP level 12. HP: 46/114 MP: 4/11
  9295 | Lair:1   | Noticed a five-headed hydra
  9303 | Lair:1   | Killed an eight-headed hydra
  9915 | Lair:2   | Received a gift from Trog
 11270 | Lair:3   | Found a hole to the Spider Nest.
 11319 | Lair:3   | Reached skill level 15 in Unarmed Combat
 11351 | Lair:3   | Noticed an eight-headed hydra
 11361 | Lair:3   | Killed a three-headed hydra
 12287 | Lair:4   | Noticed a boulder beetle
 12303 | Lair:4   | Killed a boulder beetle
 12303 | Lair:4   | Reached skill level 1 in Long Blades
 12430 | Lair:4   | Reached XP level 13. HP: 102/124 MP: 6/12
 12643 | Lair:4   | Found a staircase to the Swamp.
 12732 | Lair:4   | Found a shimmering altar of Xom.
 13585 | Lair:5   | Found a viscous altar of Jiyva.
 13585 | Lair:5   | Found a staircase to the Slime Pits.
 13826 | Lair:6   | Entered Level 6 of the Lair of Beasts
 14169 | Lair:6   | Reached skill level 16 in Unarmed Combat
 14444 | Lair:6   | Received a gift from Trog
 14548 | Lair:6   | HP: 2/127 [black mamba (16)]
 14586 | Lair:6   | HP: 2/190 [six-headed hydra (13)]
 14587 | Lair:6   | Mangled by a five-headed hydra

Illustrated notes

Levels and vault maps discovered:
D:1:      wander_arrival_lonely_grave, layout_basic, minmay_misc_feat_cross,
          minmay_tetromino_l2
D:2:      minmay_inner_zag, layout_rooms, st_stairs_3
D:3:      layout_basic, chequers_ecumenical_altar_simple_redux,
          gup_sewer_entry_pipe, due_unseen_surprise, uniq_jessica, uniq_robin
D:4:      lemuel_castle_with_subvaults [lemuel_castle_interior_carwin_3],
          layout_loops_ring
D:5:      layout_loops_ring, grunt_temple_overflow_open,
          gammafunk_temple_overflow_forgotten, nemelex_lonely_heart_becter
D:6:      layout_rooms, uniq_sigmund
D:7:      layout_loops_ring, minmay_temple_entry_drinking_statues,
          grunt_ministairs_12, uniq_harold, uniq_maggie
D:8:      minmay_opposing_rooms, layout_basic, zin_purify, marbit_many_paths,
          kennysheep_little_box, xom_butterflies, serial_shops,
          kennysheep_mini_moat
D:9:      layout_basic, basic_altar, uniq_pikel
D:10:     layout_roguey, erik_lair_orcish_takeover, enter_bailey_2,
          nicolae_straight_to_the_point
D:11:     layout_rooms, orc_0_dummy, basic_altar, jmf_multi_god_temple2,
          uniq_nergalle, uniq_grum, uniq_maurice, uniq_erica
Temple:   nicolae_temple_god_jail
Lair:1:   layout_layer_cave
Lair:2:   layout_cave_pods
Lair:3:   layout_chaotic_city, dummy_spider_entry, serial_forest,
          infiniplex_forest_clump_diagonal, infiniplex_forest_zigzag_1,
          infiniplex_forest_join, infiniplex_forest_zigzag_2,
          infiniplex_forest_straight_4
Lair:4:   layout_misc_corridors, nicolae_swamp_entry_splash_gauntlet,
          chequers_serial_rivers_room_b, kb_xom_exploding_sheep,
          serial_bayou_shore_b
Lair:5:   layout_regular_city, slime_altar_1, serial_bayou_shore_a
Lair:6:   gammafunk_lair_ancient_temple, layout_long_grid

Skill      XL: |  1  2  3  4  5  6  7  8  9 10 11 12 13 |
---------------+----------------------------------------+-----
Armour         | 1 2 3 4 5 6 7 |  7.2
Unarmed Combat | 4 5 6 7 9 11 12 14 15 16 | 16.3
Fighting       | 3 4 5 6 7 8 |  8.0
Dodging        | 3 4 5 6 7 8 |  8.1
Stealth        | 1 2 |  2.1
Shields        | 2 3 4 |  4.9
Long Blades    | 1 |  1.4

Action                   |  1- 3 |  4- 6 |  7- 9 | 10-12 | 13-15 || total
-------------------------+-------+-------+-------+-------+-------++-------
Melee: Unarmed           |    91 |   159 |   313 |   561 |   227 ||  1351
       Punch             |     3 |       |     8 |       |       ||    11
       Scimitar          |       |       |       |    49 |     3 ||    52
Throw: Large rock        |       |       |       |     1 |       ||     1
Invok: Berserk           |       |     4 |     4 |    14 |     4 ||    26
       Trog's Hand       |       |     1 |       |     3 |     2 ||     6
       Brothers in Arms  |       |       |     2 |     4 |     3 ||     9
Evoke: Wand              |       |       |       |       |     2 ||     2
  Use: Scroll            |       |     6 |       |    11 |     5 ||    22
       Potion            |       |     1 |       |     1 |     7 ||     9
 Stab: Sleeping          |       |       |     2 |     8 |       ||    10
Armor: Animal skin       |    22 |    57 |       |       |       ||    79
       Troll leather arm |       |    16 |   104 |   165 |    57 ||   342
Dodge: Dodged            |    36 |   120 |   174 |   308 |   120 ||   758
Block: Kite shield       |       |       |    18 |   313 |   108 ||   439
       Rpst.: Scimitar   |       |       |       |     9 |       ||     9

Table legend: (Time is in decaauts)
 A = Elapsed time spent in this place.
 B = Non-inter-level travel time spent in this place.
 C = Inter-level travel time spent in this place.
 D = Time resting spent in this place.
 E = Time spent auto-exploring this place.
 F = Levels seen in this place.
 G = Mean time per level.
                   A        B        C        D        E       F      G
               +--------+--------+--------+--------+--------+-----+--------+
         Total |  14695 |  13746 |    949 |    514 |  10182 |  20 |  734.8 |
       Dungeon |   8305 |   7533 |    772 |     46 |   5693 |  11 |  755.0 |
        Temple |      1 |      0 |      1 |      0 |      0 |   1 |    1.0 |
          Lair |   5819 |   5644 |    175 |    468 |   4253 |   6 |  969.8 |
         Sewer |    275 |    275 |      0 |      0 |     96 |   1 |  275.0 |
        Bailey |    293 |    293 |      0 |      0 |    139 |   1 |  293.0 |
               +--------+--------+--------+--------+--------+-----+--------+

Top non-repeatable levels by time:
  Lair:3: 1273 daAuts
  Lair:1: 1130 daAuts
     D:3: 1121 daAuts
  Lair:2: 1106 daAuts
     D:4: 981 daAuts
     D:7: 843 daAuts
    D:11: 839 daAuts
     D:8: 817 daAuts
  Lair:5: 816 daAuts
  Lair:4: 750 daAuts
  Lair:6: 740 daAuts
     D:1: 695 daAuts
     D:5: 670 daAuts
    D:10: 661 daAuts
     D:6: 629 daAuts
